 Dungeon Crawl Stone Soup version 0.19.5 (webtiles) character file.

633 devil0150 the Magician (level 7, -8/41 HPs)
             Began as a High Elf Wizard on Apr 12, 2017.
             Killed by nerve-wracking pain
             ... invoked by Grinder
              (13 damage)
             ... on level 5 of the Dungeon.
             The game lasted 00:26:49 (7335 turns).

devil0150 the Magician (High Elf Wizard)            Turns: 7335, Time: 00:26:50

Health: -8/41      AC:  2    Str:  6    XL:     7   Next: 24%
Magic:  10/18      EV: 14    Int: 23    God:
Gold:   235        SH:  6    Dex: 15    Spells: 5 memorised, 8 levels left

rFire  . . .     SeeInvis .     e - +1 dagger
rCold  . . .     Gourm    .     a - +0 robe
rNeg   . . .     Faith    .     (no shield)
rPois  .         Spirit   .     b - +0 hat
rElec  .         Reflect  +     (no cloak)
rCorr  .         Harm     .     (no gloves)
MR     .....                    (no boots)
Stlth  ++........               q - +6 amulet of reflection
                                (no ring)
                                (no ring)

@: no status effects
A: no striking features
a: no special abilities


You were on level 5 of the Dungeon.
You were not hungry.

You visited 1 branch of the dungeon, and saw 5 of its levels.

You collected 235 gold pieces.

Inventory:

Hand Weapons
 e - a +1 dagger (weapon)
 j - a +2 dagger of venom
 s - a +1 hand axe of chopping
Missiles
 l - 4 tomahawks (quivered)
Armour
 a - a +0 robe (worn)
 b - a +0 hat (worn)
 t - a +0 pair of gloves
 y - a +0 cloak
Jewellery
 q - a +6 amulet of reflection (around neck)
Wands
 w - a wand of enslavement (8/24)
Scrolls
 h - a scroll of blinking
 k - a scroll of enchant weapon
 r - a scroll of recharging
 u - a scroll of immolation
 x - a scroll of fog
Potions
 f - a potion of flight
 i - a potion of degeneration
 n - a potion of resistance
 o - a potion of mutation {unknown}
 p - a potion of agility {unknown}
 z - a potion of beneficial mutation {unknown}
Books
 c - a book of Minor Magic

   Spells                             Type                      Level
   a - Magic Dart                     Conjuration                  1
   b - Blink                          Translocation                2
   c - Call Imp                       Summoning                    2
   d - Repel Missiles                 Charms/Air                   2
   e - Slow                           Hexes                        2
   f - Conjure Flame                  Conjuration/Fire             3
   g - Mephitic Cloud                 Conjuration/Poison/Air       3
Comestibles
 d - 5 bread rations
 g - 2 beef jerkies
 m - a royal jelly
 v - 2 chunks of flesh


   Skills:
 + Level 0.2 Fighting
 + Level 0.5 Short Blades
 + Level 3.5 Dodging
 + Level 3.1 Stealth
 + Level 0.1 Unarmed Combat
 + Level 6.7 Spellcasting
 + Level 5.1 Conjurations
 + Level 1.0 Summonings
   Level 1.1 Translocations
 + Level 0.2 Air Magic
 + Level 0.1 Poison Magic


You had 8 spell levels left.
You knew the following spells:

 Your Spells              Type           Power        Failure   Level  Hunger
a - Magic Dart            Conj           ####         1%          1    None
b - Call Imp              Summ           ##......     10%         2    None
c - Mephitic Cloud        Conj/Pois/Air  ###.....     12%         3    None
d - Conjure Flame         Conj/Fire      ###.....     10%         3    None
e - Slow                  Hex            #.......     14%         2    None


Dungeon Overview and Level Annotations

Branches:
Dungeon (5/15)
 Temple: D:4-7

Altars:
Hepliaklqana
Xom
The Shining One

Annotations:
D:5 Grinder


Message History

Grinder gestures at you.
You suddenly lose the ability to move!
Grinder hits you!
You writhe in agony.
Grinder gestures at you.
You shrug off the repeated paralysis!
Grinder hits you.
You writhe in agony.
You can move again.
Casting: Magic Dart
Confirm with . or Enter, or press ? or * to list all spells.
A metallic apparition takes form in the air.
Grinder hits you!
* * * LOW HITPOINT WARNING * * *
You writhe in agony.
* * * LOW HITPOINT WARNING * * *
You swap places.
There is an open door here.
Your iron imp closely misses Grinder.
Grinder gestures at you. Pain shoots through your body!
You die...

######
##################.....
#...[...#........#.....
#.......#........#.....
#.......#.....####.....
#.......#.....#_##...).
#.......#.....#'#+.....
#....<@.'5.......#.....
##.....##.5.###'##.....
##########'#......####
....(...#..<...#
........#......#
........#......#
........#......#
........#......#
........#......#


You could see Grinder and a friendly iron imp.

Vanquished Creatures
  An ogre (D:4)
  A water moccasin skeleton (D:4)
  A crimson imp (D:4)
  A bullfrog zombie (D:4)
  A centaur zombie (D:4)
  An orc priest (D:3)
  A centaur skeleton (D:4)
  An orc wizard (D:3)
  A hound zombie (D:4)
  A howler monkey zombie (D:4)
  2 gnolls (D:3)
  A howler monkey skeleton (D:4)
  10 adders
  4 worms (D:2)
  4 dart slugs
  8 leopard geckos
  5 orcs
  9 giant cockroaches
  12 goblins
  8 hobgoblins
  6 jackals (D:3)
  15 kobolds
  3 quokkas (D:2)
  A ball python (D:2)
  14 bats
  5 frilled lizards
  A jackal zombie (D:4)
  A leopard gecko zombie (D:4)
  11 rats
130 creatures vanquished.

Vanquished Creatures (collateral kills)
  A worker ant (D:4)
  A quokka zombie (D:4)
2 creatures vanquished.

Grand Total: 132 creatures vanquished

Notes
Turn   | Place    | Note
-------+----------+-------------------------------------------
     0 | D:1      | devil0150 the High Elf Wizard began the quest for the Orb.
     0 | D:1      | Reached XP level 1. HP: 11/11 MP: 6/6
    86 | D:1      | Reached skill level 4 in Spellcasting
   357 | D:1      | Reached XP level 2. HP: 17/17 MP: 4/8
  1165 | D:1      | Reached XP level 3. HP: 21/21 MP: 5/9
  2456 | D:2      | Reached XP level 4. HP: 27/27 MP: 7/11
  2523 | D:2      | Noticed a phantom
  2594 | D:2      | Learned a level 2 spell: Call Imp
  2598 | D:2      | Learned a level 3 spell: Mephitic Cloud
  2602 | D:2      | Learned a level 3 spell: Conjure Flame
  2655 | D:2      | Learned a level 2 spell: Slow
  3315 | D:2      | Reached skill level 5 in Spellcasting
  3698 | D:3      | Reached XP level 5. HP: 21/31 MP: 2/13
  4118 | D:3      | Found a hazy altar of Hepliaklqana.
  5169 | D:3      | Found a shimmering altar of Xom.
  5171 | D:3      | Found a shimmering altar of Xom.
  5171 | D:3      | Found a sacrificial altar of Ru.
  5173 | D:3      | Found an opulent altar of Gozag.
  5173 | D:3      | Found a glowing silver altar of Zin.
  5173 | D:3      | Found a stormy altar of Qazlal.
  5664 | D:4      | Reached XP level 6. HP: 36/36 MP: 10/15
  5708 | D:4      | Reached skill level 6 in Spellcasting
  6219 | D:4      | Reached XP level 7. HP: 15/41 MP: 6/17
  6569 | D:4      | Reached skill level 5 in Conjurations
  6900 | D:4      | Reached skill level 1 in Summonings
  7237 | D:5      | Entered Level 5 of the Dungeon
  7294 | D:5      | Found a glowing golden altar of the Shining One.
  7318 | D:5      | Noticed Grinder
  7326 | D:5      | Paralysed by Grinder for 4 turns
  7335 | D:5      | Killed from afar by Grinder

Skill      XL: |  1  2  3  4  5  6  7 |
---------------+----------------------+-----
Spellcasting   | 4 5 6 |  6.7
Conjurations   | 2 3 4 5 |  5.1
Stealth        | 3 |  3.1
Dodging        | 3 |  3.5
Summonings     | 1 |  1.0
Fighting       | |  0.2
Short Blades   | |  0.5
Unarmed Combat | |  0.1
Translocations | |  1.1
Air Magic      | |  0.2
Poison Magic   | |  0.1

Action                   |  1- 3 |  4- 6 |  7- 9 || total
-------------------------+-------+-------+-------++-------
Melee: Unarmed           |     2 |       |       ||     2
       Dagger            |    12 |     9 |     9 ||    30
 Cast: Magic Dart        |   125 |   223 |    48 ||   396
       Mephitic Cloud    |       |     1 |       ||     1
       Call Imp          |       |     1 |     2 ||     3
  Use: Scroll            |     5 |     6 |     3 ||    14
       Potion            |       |     2 |       ||     2
  Eat: Chunk             |     4 |    12 |     3 ||    19
Armor: Robe              |     7 |     8 |     2 ||    17
Dodge: Dodged            |    24 |    43 |    12 ||    79
Block: Other             |       |    20 |     3 ||    23
       Reflection        |       |     1 |       ||     1
